 Dungeon Crawl Stone Soup version 0.17-a0-1880-gacf7e67 (webtiles) character file.

3558 mcbry74 the Grappler (level 9, -13/84 HPs)
             Began as a Troll Monk on Sept 21, 2015.
             Was an Elder of Makhleb.
             Mangled by an Executioner (18 damage)
             ... summoned by the player character
             ... on level 8 of the Dungeon.
             The game lasted 00:56:47 (7025 turns).

mcbry74 the Grappler (Troll Monk)                   Turns: 7025, Time: 00:56:47

Health: -13/84     AC:  6    Str: 23      XL:     9   Next: 83%
Magic:  11/11      EV: 12    Int:  7      God:    Makhleb [****..]
Gold:   388        SH:  0    Dex: 14 (16) Spells: 0 memorised, 8 levels left

rFire  . . .     SeeInvis .       - Unarmed
rCold  . . .     Clarity  .     a - +1 robe
rNeg   + . .     SustAt   +     (no shield)
rPois  .         Gourm    +     (helmet restricted)
rElec  .         Spirit   .     (no cloak)
rCorr  .         Warding  +     (gloves unavailable)
rMut   .         Stasis   .     (boots unavailable)
MR     +....                    s - amulet of warding
Stlth  ++........               C - ring of sustain attributes
                                t - +4 ring of dexterity

@: about to teleport, somewhat resistant to hostile enchantments, unstealthy
A: unfitting armour, claws 3, fast metabolism 3, gourmand, magic resistance 1,
regeneration 2, shaggy fur 1, tough skin 2
a: Minor Destruction, Lesser Servant of Makhleb, Major Destruction, Renounce
Religion


You were on level 8 of the Dungeon.
You worshipped Makhleb.
Makhleb was greatly pleased with you.
You were not hungry.

You visited 2 branches of the dungeon, and saw 9 of its levels.

You collected 388 gold pieces.

Inventory:

Missiles
 c - 9 tomahawks (quivered)
 q - 4 large rocks
Armour
 a - a +1 robe (worn)
Jewellery
 s - an amulet of warding (around neck)
 t - a +4 ring of dexterity (left claw)
 u - an uncursed amulet of the gourmand {unknown}
 w - an uncursed amulet of stasis
 C - a ring of sustain attributes (right claw)
Magical devices
 y - a wand of magic darts (19)
Scrolls
 d - 2 scrolls of recharging {unknown}
 e - a scroll of fear
 j - a scroll of enchant armour
 n - 3 scrolls of identify
 A - a scroll of remove curse
 G - a scroll of amnesia
Potions
 g - 2 potions of degeneration
 h - 2 potions of might
 k - a potion of flight
 l - 2 potions of curing
 m - a potion of cancellation {unknown}
 o - 4 potions of poison {unknown}
 r - 4 potions of haste {unknown}
 v - a potion of ambrosia {unknown}
 x - 2 potions of brilliance {unknown}
 z - a potion of agility {unknown}
 D - a potion of mutation {unknown}
 E - a potion of heal wounds
 F - 2 potions of invisibility {unknown}
Books
 I - a book of Spatial Translocations

   Spells                             Type                      Level
   a - Apportation                    Translocation                1
   b - Blink                          Translocation                2
   c - Shroud of Golubria             Charms/Translocation         2
   d - Portal Projectile              Translocation                3
   e - Teleport Other                 Translocation                3
   f - Passage of Golubria            Translocation                4
Comestibles
 b - 4 bread rations
 f - 2 beef jerkies
 p - 5 fruits
 B - 2 meat rations
 H - 13 chunks of flesh


   Skills:
 - Level 4.0 Fighting
 - Level 5.0 Throwing
 + Level 5.6 Dodging
 - Level 2.0 Stealth
 * Level 9.9 Unarmed Combat
 + Level 4.4 Invocations


You had 8 spell levels left.
You didn't know any spells.

Dungeon Overview and Level Annotations

Branches:
Dungeon (8/15)             Temple (1/1) D:7
   Lair: D:8-11

Altars:
Ashenzari
Cheibriados
Dithmenos
Elyvilon
Fedhas
Gozag
Kikubaaqudgha
Makhleb
Nemelex Xobeh
Okawaru
Qazlal
Ru
Sif Muna
Trog
Vehumet
Xom
Yredelemnul
Zin

Shops:
D:4 *   D:5 =   D:7 [


Innate Abilities, Weirdness & Mutations

You are too large for most types of armour.
You have claws for hands.
Your metabolism is lightning-fast.
You like to eat raw meat.
You heal very quickly.
You are covered in fur (AC +1).
You have very tough skin (AC +2).
You are resistant to hostile enchantments.


Message History

The Executioner hits you. x2
The Executioner hits you but does no damage.
The Executioner hits you.
The Executioner hits you but does no damage.
Read which item? (? for menu, Esc to quit)
As you read the scroll of teleportation, it crumbles to dust.
You feel strangely unstable. The Executioner hits you!!
* * * LOW HITPOINT WARNING * * *
The Executioner completely misses you. The Executioner closely misses you.
The Executioner hits you.
* * * LOW HITPOINT WARNING * * *
The Executioner hits you.
* * * LOW HITPOINT WARNING * * *
The Executioner hits you but does no damage.
The Executioner closely misses you. The Executioner hits you!
* * * LOW HITPOINT WARNING * * *
The Executioner hits you.
* * * LOW HITPOINT WARNING * * *
The Executioner hits you!!
You die...

.##....### ###
..#......# .. .......#.#
#l# ...##.##.###### ..
....^.##......## .#
..#.#########..#######.#
.##.# ##.........# ##
###.# ###.1..#### ...##
##.# ##..@##..# ... #..#
#(.#####.# #### #.##
#.## #.## #... #.# #.#
#..## #... #.# ####.#
##..# #... #)# ##....#
##.#######... ##.#
#..#### #.....(##..#
#..# ###.## ######..[...
.>#####...# #..###...##.


You could see an Executioner.

Vanquished Creatures
  Grinder (D:5)
  A hungry ghost (D:8)
  2 ice beasts (D:6)
  A black bear (D:8)
  An orc warrior (D:7)
  2 sky beasts (D:5)
  5 ogres
  2 phantoms
  2 centaurs
  2 giant frogs (D:6)
  A gnoll sergeant (D:6)
  A killer bee (D:8)
  3 wights (D:6)
  2 crimson imps (D:6)
  A centaur zombie (D:7)
  4 hounds
  2 orc wizards
  Crazy Yiuf (D:6)
  4 orc priests
  A giant frog skeleton (D:8)
  2 jellies
  2 iguanas
  4 worker ants
  The ghost of 4thArraOfDagon the Firebug, a weakling TeFE (D:4)
  6 adders
  9 gnolls
  2 shadow imps
  An ooze (D:4)
  An adder zombie (D:1)
  An adder skeleton (D:8)
  5 worms
  2 giant geckos
  16 orcs
  A bat zombie (D:1)
  8 giant cockroaches
  7 goblins
  5 hobgoblins
  8 jackals
  7 kobolds
  3 quokkas
  2 ball pythons
  12 bats
  A giant cockroach zombie (D:5)
  A giant gecko skeleton (D:6)
  4 giant newts
  A jackal zombie (D:6)
  4 rats
  A fungus (D:6)
156 creatures vanquished.

Vanquished Creatures (collateral kills)
  Joseph (D:8)
  A hippogriff (D:8)
  A black bear (D:8)
  An orc warrior (D:8)
  A giant frog (D:7)
  3 killer bees (D:8)
  A crimson imp (D:7)
  An orc priest (D:8)
  A giant frog skeleton (D:5)
  2 worker ants (D:7)
  A hound zombie (D:8)
  An adder (D:5)
  5 orcs
  A giant newt (D:7)
21 creatures vanquished.

Grand Total: 177 creatures vanquished

Notes
Turn   | Place    | Note
--------------------------------------------------------------
     0 | D:1      | mcbry74 the Troll Monk began the quest for the Orb.
     0 | D:1      | Reached XP level 1. HP: 22/22 MP: 0/0
   160 | D:1      | Reached XP level 2. HP: 29/29 MP: 1/1
  1090 | D:2      | Reached XP level 3. HP: 36/36 MP: 2/2
  1163 | D:2      | Found a burning altar of Makhleb.
  1448 | D:2      | Found a burning altar of Makhleb.
  1521 | D:2      | Became a worshipper of Makhleb the Destroyer
  1521 | D:2      | Acquired Makhleb's first power
  1521 | D:2      | Acquired Makhleb's second power
  1697 | D:3      | Reached XP level 4. HP: 29/44 MP: 3/3
  1814 | D:3      | Found a sacrificial altar of Ru.
  2060 | D:3      | Found a white marble altar of Elyvilon.
  2476 | D:3      | Reached skill level 5 in Unarmed Combat
  2712 | D:4      | Noticed an ogre
  2719 | D:4      | HP: 2/44 [ogre/giant spiked club (10)]
  2722 | D:4      | Killed an ogre
  2722 | D:4      | Reached skill level 1 in Throwing
  2722 | D:4      | Reached XP level 5. HP: 14/52 MP: 4/4
  3026 | D:4      | Acquired Makhleb's third power
  3119 | D:4      | Noticed a phantom
  3127 | D:4      | Killed a phantom
  3127 | D:4      | Reached XP level 6. HP: 54/61 MP: 5/5
  3390 | D:4      | Reached skill level 6 in Unarmed Combat
  3456 | D:4      | Found Geeroppe's General Store.
  3459 | D:4      | Noticed an ogre
  3465 | D:4      | Killed an ogre
  3556 | D:4      | Noticed 4thArraOfDagon's ghost (weakling TeFE)
  3566 | D:4      | Killed 4thArraOfDagon's ghost
  3676 | D:5      | Entered Level 5 of the Dungeon
  3679 | D:5      | Reached XP level 7. HP: 64/67 MP: 6/6
  3849 | D:5      | Found Kosireh's Jewellery Emporium.
  4172 | D:5      | Found a glowing silver altar of Zin.
  4226 | D:5      | Noticed Grinder
  4229 | D:5      | Gained mutation: You expend magic power (3 MP) to strengthen your wands. [mutagenic meat]
  4239 | D:5      | Killed Grinder
  4239 | D:5      | Reached skill level 7 in Unarmed Combat
  4239 | D:5      | Reached skill level 1 in Invocations
  4256 | D:5      | Found an iron altar of Okawaru.
  4362 | D:5      | Reached XP level 8. HP: 62/75 MP: 8/8
  4378 | D:5      | Lost mutation: You expend magic power (3 MP) to strengthen your wands. [mutagenic meat]
  4379 | D:5      | Gained mutation: You are resistant to hostile enchantments. [mutagenic meat]
  4492 | D:5      | Found a bloodstained altar of Trog.
  4685 | D:6      | Acquired Makhleb's fourth power
  4947 | D:6      | Found a snail-covered altar of Cheibriados.
  4961 | D:6      | Reached skill level 8 in Unarmed Combat
  5449 | D:6      | Reached XP level 9. HP: 84/84 MP: 10/10
  5579 | D:6      | Noticed Crazy Yiuf
  5588 | D:6      | Killed Crazy Yiuf
  5758 | D:7      | Found a stormy altar of Qazlal.
  5821 | D:7      | Found a shimmering altar of Xom.
  5958 | D:7      | Found Duqoecee's Antique Armour Shop.
  5970 | D:7      | Found a shattered altar of Ashenzari.
  6074 | D:7      | Reached skill level 5 in Throwing
  6193 | D:7      | Found a staircase to the Ecumenical Temple.
  6208 | Temple   | Entered the Ecumenical Temple
  6426 | D:8      | Reached skill level 9 in Unarmed Combat
  6436 | D:8      | Reached skill level 5 in Dodging
  6656 | D:8      | Noticed Joseph
  6657 | D:8      | Acquired Makhleb's fifth power
  6669 | D:8      | HP: 1/84 [orc priest/divine providence (10)]
  6673 | D:8      | Killed Joseph
  7018 | D:8      | Noticed an Executioner
  7024 | D:8      | HP: 4/84 [Executioner[the player character] (5)]
  7025 | D:8      | Mangled by an Executioner

Vault maps used:
D:1:      saegor_arrival_fortress, kennysheep_doodads, supply_closet_lemuel
D:2:      makhleb_grotto_becter, eino_tiny_chamber, kennysheep_flooded_box
D:3:      hangedman_ru_absence, elyvilon_altar_5
D:4:      serial_shops, nicolae_shop_behind_doors
D:5:      zin_scriptorium, lightli_temple_of_fire, okawaru_trees_1,
          serial_shops, shop, first_bread, uniq_grinder
D:6:      cheibriados_altar_1, uniq_crazy_yiuf_cottage
D:7:      grunt_qazlal_clouds, nicolae_ashenzari_panopticon,
          kennysheep_mini_moat, minmay_temple_entry_junction, serial_shops,
          shop, minivault_11
D:8:      uniq_joseph
Temple:   zaba_magenta_temple_8

Action                   |  1- 3 |  4- 6 |  7- 9 || total
-------------------------+-------+-------+-------++-------
Melee: Unarmed           |    96 |   126 |   194 ||   416
Throw: Large rock        |       |     2 |     2 ||     4
       Tomahawk          |       |    27 |    76 ||   103
Invok: Minor Destruction |       |     4 |    11 ||    15
       Lesser Servant of |       |     1 |     4 ||     5
       Major Destruction |       |       |     1 ||     1
       Greater Servant o |       |       |     1 ||     1
  Use: Scroll            |       |     9 |     7 ||    16
       Potion            |       |       |     4 ||     4
 Stab: Distracted        |     1 |       |       ||     1
       Sleeping          |     1 |     1 |     1 ||     3
  Eat: Chunk             |    15 |    16 |    39 ||    70
       Fruit             |       |       |     1 ||     1
